 Dungeon Crawl Stone Soup version 0.31-a0-435-g2c6fae2916 (webtiles) character file.

Game seed: 14626030033814750887

12 Arzdou the Ruffian (level 2, 21/21 HPs)
             Began as a Demonspawn Shapeshifter on Aug 1, 2023.
             Quit the game on level 1 of the Dungeon.
             The game lasted 00:00:37 (511 turns).

Arzdou the Ruffian (Demonspawn Shapeshifter)         Turns: 511, Time: 00:00:38

Health: 21/21      AC:  2    Str: 15    XL:     2   Next: 20%
Magic:  2/2        EV: 14    Int:  9    God:
Gold:   53         SH:  0    Dex: 13    Spells: 1/1 levels left

rFire   . .          .
                       - Unarmed
rCold   . . .        (no shield)
rNeg    . . .        a - +0 animal skin
rPois   .            (helmet currently unavailable)
rElec   .            (cloak currently unavailable)
rCorr   .            (gloves currently unavailable)
SInv    .            (boots currently unavailable)
Will    .....        (no amulet)
Stlth   +            (no ring)
HPRegen 0.23/turn    (no ring)
MPRegen 0.08/turn

%: no passive effects
@: beast-form
A: beast (slay +1), repulsion field 1
a: Begin Untransformation


You were on level 1 of the Dungeon.
You were a hulking beast.
You visited 1 branch of the dungeon, and saw 1 of its levels.

You collected 53 gold pieces.

Inventory:

Armour
 a - a +0 animal skin (worn)
Talismans
 c - a beast talisman (active)
Scrolls
 d - a scroll of identify {unknown}
 e - a scroll of blinking {unknown}
 f - a scroll of poison {unknown}
 h - a scroll of brand weapon {unknown}
 i - a scroll of enchant armour {unknown}
 j - a scroll of vulnerability {unknown}
Potions
 b - a potion of lignification
 g - a potion of attraction {unknown}


   Skills:
 + Level 1.3 Fighting
 + Level 2.0 Dodging
 + Level 2.9 Unarmed Combat
 + Level 2.8 Shapeshifting


You had one spell level left.
You didn't know any spells.
Your spell library contained the following spells:

 Spells                   Type           Power      Damage    Failure   Level
 Stone Arrow              Conj/Erth      0%         3d7       77%         3
 Animate Armour           Summ/Erth      0%         N/A       99%         4
 Lehudib's Crystal Spear  Conj/Erth      0%         10d2      100%        8


Dungeon Overview and Level Annotations

Branches:
Dungeon (1/15)

Altars:


Innate Abilities, Weirdness & Mutations

You are a hulking beast.
Your limbs bulge with bestial killing power. (Slay +1)
You are surrounded by a mild repulsion field. (EV +2)


Message History

The kobold closely misses you.
You hit the kobold.
You kill the kobold!
No target in view!
No target in view!
No target in view!
No target in view!
No target in view!
No target in view!
No target in view!
No target in view!
No target in view!
You see here a +0 dagger.
Found a stone staircase leading down.
h - a scroll labelled AKHAR JATOR A hobgoblin comes into view.
The helpless hobgoblin fails to defend itself.
You hit the hobgoblin.
The hobgoblin is moderately wounded.
The hobgoblin closely misses you.
You hit the hobgoblin.
You kill the hobgoblin!
No target in view!
No target in view!
No target in view!
No target in view!
No target in view!
No target in view!
No target in view!
No target in view!
No target in view!
No target in view!
No target in view!
i - a scroll labelled SOOBISU PURE
j - a scroll labelled SOIDILE KUCAU A goblin comes into view.
It is wielding a +0 club.
No reachable target in view!
A goblin is nearby!
No reachable target in view!
Are you sure you want to abandon this character and quit the game? (Confirm with "yes".)

.....#.#####.#.##.#.............
.....#.......#.##.#.>..........#
.....#..####.#.##.#............
##.###..######.##.#............
##..............#..........
##.#.#.#########...........
.....#.#.........##########
.......#.#######..#
.#.............#h.#
.#######.#####.#..PP...g .# #.#
#..#.#.#. .# #.# #..#... .# #.#
#..# #.# .#######.# ....


P.P .........# ...# #P ########## #..# You could see a goblin (asleep).

Vanquished Creatures
  A bat (D:1)
  An endoplasm (D:1)
  A giant cockroach (D:1)
  A goblin (D:1)
  3 hobgoblins (D:1)
  A ball python (D:1)
  2 kobolds (D:1)
  A rat (D:1)
11 creatures vanquished.

Notes
Turn   | Place    | Note
-------+----------+-------------------------------------------
     0 | D:1      | Arzdou the Demonspawn Shapeshifter began the quest for the
                  | Orb.
     0 | D:1      | Reached XP level 1. HP: 15/15 MP: 1/1
   226 | D:1      | Gained mutation: You are surrounded by a mild repulsion
                  | field. (EV +2) [demonic ancestry]
   226 | D:1      | Reached XP level 2. HP: 20/21 MP: 2/2
   511 | D:1      | Quit the game

Illustrated notes

Levels and vault maps discovered:
D:1:      dpeg_arrival_short_road, layout_basic, serial_glass, glass_columns_a,
          glass_columns_c, shapermc_ecumenical_altar_mp_urbaneastern

Skill      XL: |  1 |
---------------+----+-----
Dodging        | 2 |  2.0
Fighting       | |  1.3
Unarmed Combat | |  2.9
Shapeshifting  | |  2.8

Action                     || total
---------------------------++-------
  Melee: Unarmed           ||    43
         Punch             ||     1
   Stab: Sleeping          ||     2
 Armour: Animal skin       ||     6
  Dodge: Dodged            ||    38

Table legend: (Time is in decaauts)
 A = Elapsed time spent in this place.
 B = Non-inter-level travel time spent in this place.
 C = Inter-level travel time spent in this place.
 D = Time resting spent in this place.
 E = Time spent auto-exploring this place.
 F = Levels seen in this place.
 G = Mean time per level.
                   A        B        C        D        E       F      G
               +--------+--------+--------+--------+--------+-----+--------+
         Total |    509 |    509 |      0 |      0 |    411 |   1 |  509.0 |
       Dungeon |    509 |    509 |      0 |      0 |    411 |   1 |  509.0 |
               +--------+--------+--------+--------+--------+-----+--------+

Top non-repeatable levels by time:
     D:1: 509 daAuts
